[Event "European Online Club-ch-A 2021"]
[Site "Online"]
[Date "2021.03.27"]
[Round "7.7"]
[White "Agopov, Mikael"]
[Black "Marin, Mihail"]
[Result "1/2-1/2"]
[ECO "C16"]
[WhiteElo "2427"]
[BlackElo "2502"]
[Annotator "ChessBase"]
[PlyCount "64"]
[EventDate "2021.03.27"]
[EventType "team-tourn"]
[EventCountry "NET"]
[SourceTitle "playchess.com"]
[Source "ChessBase"]
[SourceQuality "1"]
[TimeControl "900+5"]

1. e4 e6 2. d4 d5 3. Nc3 Bb4 4. e5 b6 5. a3 Bf8 6. Nf3 Ne7 7. b4 c5 8. Bg5 a6 9. Bd3 Qc7 10. O-O h6 11. Bd2 Nec6 12. bxc5 bxc5 13. dxc5 Nd7 14. Na4 Nxc5 15. Nxc5 Bxc5 16. Qe2 Bb7 17. Rab1 Ne7 18. Bb4 Bxb4 19. Rxb4 O-O 20. Rfb1 Bc6 21. Nd4 a5 22. R4b3 Rfb8 23. h4 Ba4 24. Rxb8+ Rxb8 25. Rxb8+ Qxb8 26. Qe1 Qb6 27. Qc3 Nc6 28. Nxc6 Bxc6 29. Qb3 Qc7 30. Qc3 Qb6 31. Qb3 Qc7 32. Qc3 Qb6 1/2-1/2

[Event "European Online Club-ch-A 2021"]
[Site "Online"]
[Date "2021.03.27"]
[Round "7.8"]
[White "Costachi, Mihnea"]
[Black "Wintzer, Joachim"]
[Result "1-0"]
[ECO "A43"]
[WhiteElo "2471"]
[BlackElo "2274"]
[Annotator "ChessBase"]
[PlyCount "123"]
[EventDate "2021.03.27"]
[EventType "team-tourn"]
[EventCountry "NET"]
[SourceTitle "playchess.com"]
[Source "ChessBase"]
[SourceQuality "1"]
[TimeControl "900+5"]

1. d4 e6 2. Nf3 c5 3. g3 Qa5+ 4. Nc3 cxd4 5. Nxd4 Bb4 6. Bd2 Nc6 7. Nxc6 dxc6 8. Bg2 Qc7 9. O-O Be7 10. Ne4 Nf6 11. Bc3 Nxe4 12. Bxe4 O-O 13. Qd3 f5 14. Bg2 e5 15. Qc4+ Kh8 16. Rad1 Bf6 17. Rd2 e4 18. Bb4 Qf7 19. Qxf7 Rxf7 20. f3 e3 21. Rdd1 Be6 22. b3 Be7 23. Bxe7 Rxe7 24. Rd3 f4 25. Rfd1 g5 26. Rd4 Rf8 27. Re4 Rff7 28. gxf4 gxf4 29. c4 Kg7 30. h4 Rd7 31. Red4 c5 32. Rd6 Rxd6 33. Rxd6 Re7 34. Kh2 Kf6 35. Bh3 Ke5 36. Rd8 Bxh3 37. Kxh3 Rg7 38. Rd5+ Kf6 39. Rxc5 Rg1 40. Rh5 Re1 41. Kg4 Rxe2 42. Kxf4 Rxa2 43. Kxe3 Rb2 44. Rb5 b6 45. Kf4 Rb1 46. Ke4 Re1+ 47. Kd5 Kf5 48. Kc6+ Kf4 49. Kb7 Re7+ 50. Ka6 Kxf3 51. Rg5 Kf4 52. Rg1 Rd7 53. h5 Rd3 54. b4 Ra3+ 55. Kb7 a5 56. b5 Rh3 57. Kxb6 a4 58. c5 a3 59. c6 a2 60. c7 Rc3 61. Kb7 Rg3 62. Rf1+ 1-0

[Event "European Online Club-ch-A 2021"]
[Site "Online"]
[Date "2021.03.27"]
[Round "7.10"]
[White "Kamsky, Gata"]
[Black "Grinev, Valeriy"]
[Result "1-0"]
[ECO "A48"]
[WhiteElo "2665"]
[BlackElo "2441"]
[Annotator "ChessBase"]
[PlyCount "67"]
[EventDate "2021.03.27"]
[EventType "team-tourn"]
[EventCountry "NET"]
[SourceTitle "playchess.com"]
[Source "ChessBase"]
[SourceQuality "1"]
[TimeControl "900+5"]

1. d4 Nf6 2. Nf3 g6 3. c3 Bg7 4. Bg5 d6 5. Nbd2 O-O 6. e4 c5 7. dxc5 dxc5 8. Bc4 Nc6 9. O-O Qc7 10. h3 b6 11. Qe2 h6 12. Be3 Nh5 13. Rfd1 Nf4 14. Qf1 Rd8 15. a4 Na5 16. Ba6 Be6 17. Nc4 Nxc4 18. Bxc4 Bxc4 19. Qxc4 Ne6 20. Rd5 Nf4 21. Bxf4 Qxf4 22. Rad1 Rxd5 23. Qxd5 Rc8 24. Nd2 Qc7 25. Nc4 Bf6 26. Qd7 e6 27. a5 bxa5 28. Qxc7 Rxc7 29. Ra1 Kf8 30. Rxa5 Ke7 31. Kf1 Kd7 32. Ra6 Kc8 33. Nd6+ Kb8 34. Ne8 1-0

[Event "European Online Club-ch-A 2021"]
[Site "Online"]
[Date "2021.03.27"]
[Round "7.11"]
[White "Vovk, Orest"]
[Black "Timofeev, Artyom"]
[Result "0-1"]
[ECO "A00"]
[WhiteElo "2315"]
[BlackElo "2594"]
[Annotator "ChessBase"]
[PlyCount "102"]
[EventDate "2021.03.27"]
[EventType "team-tourn"]
[EventCountry "NET"]
[SourceTitle "playchess.com"]
[Source "ChessBase"]
[SourceQuality "1"]
[TimeControl "900+5"]

1. g4 d5 2. h3 e5 3. Bg2 Nc6 4. c4 dxc4 5. Bxc6+ bxc6 6. Nc3 h5 7. Qa4 hxg4 8. hxg4 Rxh1 9. Qxc6+ Qd7 10. Qxh1 Rb8 11. Qe4 Qxg4 12. Qxe5+ Be6 13. Nf3 Bd6 14. Qg5 Nf6 15. Nb5 Bf4 16. Qc5 Qh5 17. Qxh5 Nxh5 18. Nc3 Kd7 19. b3 cxb3 20. axb3 Rxb3 21. e3 Bd6 22. Rxa7 Bb4 23. Nd4 Bc5 24. Nxb3 Bxa7 25. Na1 c5 26. Nc2 Nf6 27. d3 Kc6 28. Ke2 Bb6 29. Bd2 Nd7 30. Na4 Bd8 31. Nb2 Ne5 32. f4 Bg4+ 33. Kf1 Nf3 34. Bc3 f6 35. Ne1 Nh4 36. Ng2 Bh3 37. Kf2 Bxg2 38. Kg3 g5 39. d4 Be4 40. dxc5 Nf5+ 41. Kf2 g4 42. Nc4 g3+ 43. Kg1 Kxc5 44. Nd2 Kd5 45. Nf1 Bd3 46. Be1 Bxf1 47. Kxf1 Nxe3+ 48. Ke2 g2 49. Bf2 Ng4 50. Bg1 Ke4 51. f5 Bc7 0-1

[Event "European Online Club-ch-A 2021"]
[Site "Online"]
[Date "2021.03.27"]
[Round "7.12"]
[White "Sharafiev, Azat"]
[Black "Babiy, Igor"]
[Result "1-0"]
[ECO "D52"]
[WhiteElo "2432"]
[BlackElo "2241"]
[Annotator "NA"]
[PlyCount "83"]
[EventDate "2021.03.27"]
[EventType "team-tourn"]
[EventCountry "NET"]
[SourceTitle "playchess.com"]
[Source "ChessBase"]
[SourceQuality "1"]
[TimeControl "900+5"]

1. d4 d5 2. c4 c6 3. Nf3 Nf6 4. Nc3 e6 5. Bg5 Nbd7 6. e3 Qa5 7. cxd5 Nxd5 8. Rc1 h6 9. Bh4 Bd6 10. Bd3 e5 11. O-O Nxc3 12. bxc3 O-O 13. Qe2 Qc7 14. e4 Re8 15. Rfd1 b6 16. Bg3 Bb7 17. Nh4 g6 18. Bc4 Nf8 19. Qg4 Kh7 20. Rd3 Bc8 21. Qf3 Be6 22. Bxe6 Rxe6 23. Rcd1 Kg8 24. Qg4 h5 25. Qe2 exd4 26. cxd4 Bxg3 27. hxg3 Rae8 28. e5 c5 29. f4 cxd4 30. Rxd4 f6 31. Nf3 Qc5 32. Kh2 g5 33. Rd5 Qc7 34. Qe4 R6e7 35. Qf5 fxe5 36. Nxe5 gxf4 37. gxf4 Rg7 38. Rd6 Qe7 39. Qxh5 Rh7 40. Rh6 Rxh6 41. Qxh6 Ne6 42. Rd7 1-0

[Event "European Online Club-ch-A 2021"]
[Site "Online"]
[Date "2021.03.27"]
[Round "7.14"]
[White "Bacrot, Etienne"]
[Black "Fitzsimons, David"]
[Result "1/2-1/2"]
[ECO "B04"]
[WhiteElo "2678"]
[BlackElo "2324"]
[Annotator "ChessBase"]
[PlyCount "131"]
[EventDate "2021.03.27"]
[EventType "team-tourn"]
[EventCountry "NET"]
[SourceTitle "playchess.com"]
[Source "ChessBase"]
[SourceQuality "1"]
[TimeControl "900+5"]

1. e4 Nf6 2. e5 Nd5 3. d4 d6 4. Nf3 dxe5 5. Nxe5 g6 6. Qf3 Be6 7. Nc3 Bg7 8. Bf4 O-O 9. O-O-O Nxf4 10. Qxf4 Nd7 11. Be2 c6 12. Nxd7 Qxd7 13. h4 Qd6 14. Qxd6 exd6 15. d5 Bxc3 16. dxe6 Be5 17. g3 d5 18. f4 Bf6 19. exf7+ Rxf7 20. Bd3 Re8 21. Rde1 Rxe1+ 22. Rxe1 Re7 23. Rf1 Re3 24. Rg1 Bd4 25. Rg2 Re1+ 26. Kd2 Rg1 27. Rxg1 Bxg1 28. Ke2 Kf7 29. Kf1 Bd4 30. c3 Be3 31. Ke2 Bb6 32. g4 Kf6 33. Kf3 h6 34. g5+ hxg5 35. hxg5+ Kf7 36. c4 dxc4 37. Bxc4+ Kg7 38. Be6 Bd4 39. b3 Bc3 40. Ke4 Bd2 41. Bd7 Kf7 42. Kf3 Bc1 43. Kg4 c5 44. Bb5 Bd2 45. Bc4+ Kg7 46. a4 a6 47. Kf3 b5 48. axb5 axb5 49. Bxb5 Bb4 50. Be8 Bc3 51. Ke3 Bb2 52. Kd2 Ba3 53. Kc2 Bb4 54. Kd3 Ba3 55. Kc2 Bb4 56. Bc6 Kf7 57. Be4 Kg7 58. Kd3 Ba3 59. f5 gxf5 60. Bxf5 Bc1 61. g6 Ba3 62. Ke4 Bb4 63. Ke5 Ba3 64. Ke6 Bb4 65. Bc2 Ba3 66. Kd5 1/2-1/2

[Event "European Online Club-ch-A 2021"]
[Site "Online"]
[Date "2021.03.27"]
[Round "7.16"]
[White "Naiditsch, Arkadij"]
[Black "Royal, Shreyas"]
[Result "1-0"]
[ECO "C49"]
[WhiteElo "2649"]
[BlackElo "2121"]
[Annotator "ChessBase"]
[PlyCount "77"]
[EventDate "2021.03.27"]
[EventType "team-tourn"]
[EventCountry "NET"]
[SourceTitle "playchess.com"]
[Source "ChessBase"]
[SourceQuality "1"]
[TimeControl "900+5"]

1. e4 e5 2. Nf3 Nc6 3. Nc3 Nf6 4. Bb5 Bb4 5. O-O O-O 6. d3 Bxc3 7. bxc3 d6 8. Bg5 h6 9. Bh4 Bg4 10. h3 Bd7 11. Rb1 Qe7 12. Re1 g5 13. Bg3 a6 14. Ba4 b5 15. Bb3 Na5 16. d4 Nxb3 17. cxb3 g4 18. hxg4 Bxg4 19. Bh4 Kh7 20. Qd3 Rg8 21. Nh2 Bh5 22. f4 Rg6 23. f5 Rg7 24. Rb2 Rag8 25. Re3 Bg4 26. d5 Rb8 27. Rf2 Rgg8 28. Kh1 b4 29. c4 a5 30. Kg1 Ra8 31. Rg3 Bh5 32. Rxg8 Rxg8 33. Qh3 a4 34. Bxf6 Qxf6 35. Qxh5 axb3 36. axb3 Ra8 37. Ng4 Qg5 38. Qxf7+ Kh8 39. Qf6+ 1-0

[Event "European Online Club-ch-A 2021"]
[Site "Online"]
[Date "2021.03.27"]
[Round "7.17"]
[White "Celik, Hasan Huseyin"]
[Black "Finek, Vaclav"]
[Result "1/2-1/2"]
[ECO "A45"]
[WhiteElo "2173"]
[BlackElo "2361"]
[Annotator "NA"]
[PlyCount "129"]
[EventDate "2021.03.27"]
[EventType "team-tourn"]
[EventCountry "NET"]
[SourceTitle "playchess.com"]
[Source "ChessBase"]
[SourceQuality "1"]
[TimeControl "900+5"]

1. d4 Nf6 2. Bg5 c5 3. Nc3 cxd4 4. Qxd4 Nc6 5. Qh4 e6 6. O-O-O Be7 7. e4 a6 8. f4 b5 9. e5 b4 10. Nce2 Ne4 11. Bxe7 Qxe7 12. Qe1 Bb7 13. Nf3 Rc8 14. Ned4 Nc5 15. Nxc6 Bxc6 16. Nd4 Bd5 17. Kb1 Na4 18. Bxa6 Ra8 19. Bb5 Nc5 20. Nb3 Nxb3 21. cxb3 O-O 22. Qe3 Rfc8 23. Rhe1 Rc7 24. Rd2 Ra5 25. Ba4 Rac5 26. Qd4 Qf8 27. a3 bxa3 28. bxa3 Rc3 29. Kb2 Qc8 30. Ree2 Rc1 31. Qd3 R7c3 32. Qd4 g6 33. b4 Rc4 34. Qd3 R1c3 35. Qb1 Qa8 36. Rc2 Rxc2+ 37. Bxc2 Qa7 38. Qd1 Rxf4 39. Bb3 Rd4 40. Qc2 Bxb3 41. Qxb3 Rd5 42. Qc3 Qb6 43. Rd2 Rxd2+ 44. Qxd2 Qc7 45. Qd4 Qb7 46. a4 Qxg2+ 47. Kc3 Qf3+ 48. Qd3 Qf4 49. a5 Qxe5+ 50. Kb3 d5 51. a6 Qa1 52. b5 Qa5 53. Kc2 Qa2+ 54. Kd1 Qa1+ 55. Ke2 Qa5 56. Qb3 h5 57. Kf3 Kh7 58. b6 Qxa6 59. b7 Qf1+ 60. Kg3 Qe1+ 61. Kg2 Qe2+ 62. Kg1 Qe1+ 63. Kg2 Qe2+ 64. Kg1 Qe1+ 65. Kg2 1/2-1/2

[Event "European Online Club-ch-A 2021"]
[Site "Online"]
[Date "2021.03.27"]
[Round "7.18"]
[White "Hrbek, Stepan"]
[Black "Durak, Can"]
[Result "1-0"]
[ECO "E14"]
[WhiteElo "2230"]
[BlackElo "2187"]
[Annotator "NA"]
[PlyCount "51"]
[EventDate "2021.03.27"]
[EventType "team-tourn"]
[EventCountry "NET"]
[SourceTitle "playchess.com"]
[Source "ChessBase"]
[SourceQuality "1"]
[TimeControl "900+5"]

1. c4 e6 2. Nc3 d5 3. e3 Nf6 4. Nf3 Be7 5. b3 O-O 6. Bb2 b6 7. Be2 Bb7 8. O-O c5 9. d4 Nbd7 10. cxd5 Nxd5 11. Rc1 Bf6 12. Ne4 Be7 13. Bd3 Nb4 14. Bb1 Nxa2 15. Rc4 Nb4 16. dxc5 bxc5 17. Neg5 Bxf3 18. Bxh7+ Kh8 19. Qxf3 Bxg5 20. Qh5 Nf6 21. Qxg5 Kxh7 22. Rg4 Ne8 23. Qh5+ Kg8 24. Bxg7 f5 25. Qh8+ Kf7 26. Qxf8# 1-0

[Event "European Online Club-ch-A 2021"]
[Site "Online"]
[Date "2021.03.27"]
[Round "7.19"]
[White "Gurel, Ediz"]
[Black "Nemec, Jachym"]
[Result "1-0"]
[ECO "B90"]
[WhiteElo "2168"]
[BlackElo "2229"]
[Annotator "NA"]
[PlyCount "67"]
[EventDate "2021.03.27"]
[EventType "team-tourn"]
[EventCountry "NET"]
[SourceTitle "playchess.com"]
[Source "ChessBase"]
[SourceQuality "1"]
[TimeControl "900+5"]

1. e4 c5 2. Nf3 d6 3. d4 cxd4 4. Nxd4 Nf6 5. Nc3 a6 6. Be3 e5 7. Nf3 Be7 8. Bc4 O-O 9. O-O Nc6 10. Qe2 b5 11. Bb3 Bb7 12. Bg5 Nd4 13. Nxd4 exd4 14. Bxf6 Bxf6 15. Nd5 Bxd5 16. Bxd5 Rc8 17. a4 Qb6 18. a5 Qc5 19. Bb3 Rfe8 20. Qd3 g6 21. f4 Kg7 22. Rf2 Re7 23. Raf1 Rcc7 24. g3 Qb4 25. h4 h6 26. Rh2 Qc5 27. Bd5 Qb4 28. g4 Re8 29. g5 Bd8 30. h5 hxg5 31. hxg6 fxg6 32. Qh3 g4 33. Qh6+ Kf6 34. Rh5 1-0

[Event "European Online Club-ch-A 2021"]
[Site "Online"]
[Date "2021.03.27"]
[Round "7.20"]
[White "Smolik, Jachym"]
[Black "Tinmaz, Kerem"]
[Result "1-0"]
[ECO "D12"]
[WhiteElo "2073"]
[BlackElo "1614"]
[Annotator "NA"]
[PlyCount "123"]
[EventDate "2021.03.27"]
[EventType "team-tourn"]
[EventCountry "NET"]
[SourceTitle "playchess.com"]
[Source "ChessBase"]
[SourceQuality "1"]
[TimeControl "900+5"]

1. d4 d5 2. c4 c6 3. Nf3 Nf6 4. e3 Bf5 5. Qb3 Qc7 6. Bd2 e6 7. Nc3 Nbd7 8. Rc1 Rc8 9. Be2 Be7 10. O-O O-O 11. h3 dxc4 12. Bxc4 Nb6 13. Be2 Ne4 14. Nxe4 Bxe4 15. a3 Rfd8 16. Ba5 Rd5 17. Bxb6 Qxb6 18. Qxb6 axb6 19. Nd2 Bg6 20. Nc4 Bd8 21. Bf3 Rd7 22. Rc3 f6 23. Bg4 Kf7 24. Rfc1 Ra8 25. Nd2 Ra5 26. b4 Ra8 27. Ra1 Be7 28. Rcc1 c5 29. Nc4 Bd8 30. bxc5 bxc5 31. dxc5 Bc7 32. Bf3 Rb8 33. Rd1 Rxd1+ 34. Rxd1 Ke7 35. Rd2 e5 36. Bd5 b6 37. cxb6 Bxb6 38. Nxb6 Rxb6 39. f3 Ra6 40. Ra2 Ra5 41. e4 Bf7 42. Bxf7 Kxf7 43. Kf2 Ke7 44. Ke3 Kd6 45. Kd3 Kc5 46. Kc3 h5 47. h4 g5 48. g3 gxh4 49. gxh4 Ra4 50. Ra1 Ra5 51. a4 Kc6 52. Kb4 Rc5 53. a5 Rc2 54. a6 Rb2+ 55. Kc3 Rb8 56. a7 Ra8 57. Kc4 Kd6 58. Kb5 Kc7 59. Kc5 Kd7 60. Kb6 Kc8 61. Kc6 Kd8 62. Kb7 1-0

[Event "European Online Club-ch-A 2021"]
[Site "Online"]
[Date "2021.03.27"]
[Round "8.1"]
[White "Horvath, Laszlo"]
[Black "Finek, Vaclav"]
[Result "1/2-1/2"]
[ECO "C42"]
[WhiteElo "2183"]
[BlackElo "2361"]
[Annotator "NA"]
[PlyCount "82"]
[EventDate "2021.03.27"]
[EventType "team-tourn"]
[EventCountry "NET"]
[SourceTitle "playchess.com"]
[Source "ChessBase"]
[SourceQuality "1"]
[TimeControl "900+5"]

1. e4 e5 2. Nf3 Nf6 3. Nxe5 d6 4. Nf3 Nxe4 5. Nc3 Nxc3 6. dxc3 Be7 7. Bd3 Nc6 8. O-O Be6 9. Nd4 Nxd4 10. cxd4 d5 11. Bf4 Bf6 12. c3 c6 13. Qc2 h6 14. Rae1 O-O 15. Bf5 Qd7 16. Bxe6 fxe6 17. Be5 Bxe5 18. Rxe5 Rf6 19. Rfe1 Qf7 20. f3 Kh8 21. Qe2 Re8 22. b4 a6 23. a4 Qd7 24. Rb1 Rf5 25. Re3 Kg8 26. Re1 Rf6 27. Rb1 Rc8 28. Re1 Re8 29. Rb1 Qd6 30. Re5 Rc8 31. Re1 Re8 32. h4 Re7 33. g3 g6 34. f4 h5 35. Kg2 Kf7 36. Rb1 Rc7 37. Qd3 Kg7 38. Re2 Rff7 39. Re5 Rf6 40. Qe2 Re7 41. Qd3 Rc7 1/2-1/2

[Event "European Online Club-ch-A 2021"]
[Site "Online"]
[Date "2021.03.27"]
[Round "8.2"]
[White "Hrbek, Stepan"]
[Black "Ferster, Fabian"]
[Result "1/2-1/2"]
[ECO "A34"]
[WhiteElo "2230"]
[BlackElo "2149"]
[Annotator "NA"]
[PlyCount "153"]
[EventDate "2021.03.27"]
[EventType "team-tourn"]
[EventCountry "NET"]
[SourceTitle "playchess.com"]
[Source "ChessBase"]
[SourceQuality "1"]
[TimeControl "900+5"]

1. c4 c5 2. Nf3 Nf6 3. Nc3 e6 4. e3 Nc6 5. b3 d5 6. cxd5 exd5 7. Bb5 Bd6 8. O-O O-O 9. d4 cxd4 10. Nxd4 Qc7 11. Nf3 Bg4 12. Bxc6 bxc6 13. h3 Bh5 14. Bb2 Rfe8 15. Rc1 Qd7 16. Na4 Ne4 17. Qd4 f6 18. Nd2 Be2 19. Rfe1 Be5 20. Qb4 Reb8 21. Qa3 Bd6 22. Nc5 Nxc5 23. Rxc5 Bh5 24. Rec1 Rb5 25. Bd4 a5 26. Qb2 Bxc5 27. Bxc5 Qf5 28. g4 Bxg4 29. hxg4 Qxg4+ 30. Kf1 h5 31. Qd4 Qxd4 32. Bxd4 Rc8 33. Bc5 g5 34. Nf3 Rb7 35. Nd4 Kf7 36. Bd6 Rd7 37. Bc5 Rb7 38. Kg2 Kg6 39. Kf3 f5 40. Bd6 Rd7 41. Ba3 h4 42. Rxc6+ Rxc6 43. Nxc6 Rc7 44. Nxa5 g4+ 45. Kg2 Rc2 46. Bd6 g3 47. Bxg3 hxg3 48. Kxg3 Rxa2 49. Nc6 Kf6 50. Nd4 Ke5 51. Nf3+ Ke4 52. Ng5+ Kd3 53. Ne6 Rb2 54. Kf3 Kd2 55. Nd4 Ke1 56. Kf4 Rxf2+ 57. Ke5 Kd2 58. Nxf5 Kd3 59. b4 Rb2 60. Ne7 Rxb4 61. Nxd5 Rb5 62. Kd6 Ra5 63. Ke6 Ke4 64. Nf6+ Kxe3 65. Nd5+ Kd4 66. Nf6 Re5+ 67. Kd6 Rf5 68. Ke6 Ra5 69. Ng4 Ra6+ 70. Kf5 Ra8 71. Nf6 Ra5+ 72. Ke6 Rb5 73. Ng4 Ke4 74. Nf6+ Kf4 75. Nd5+ Kg5 76. Ke5 Rxd5+ 77. Kxd5 1/2-1/2

[Event "European Online Club-ch-A 2021"]
[Site "Online"]
[Date "2021.03.27"]
[Round "8.3"]
[White "Frick, Renato"]
[Black "Brozka, Karel"]
[Result "0-1"]
[ECO "B12"]
[WhiteElo "1947"]
[BlackElo "2080"]
[Annotator "NA"]
[PlyCount "74"]
[EventDate "2021.03.27"]
[EventType "team-tourn"]
[EventCountry "NET"]
[SourceTitle "playchess.com"]
[Source "ChessBase"]
[SourceQuality "1"]
[TimeControl "900+5"]

1. e4 c6 2. d4 d5 3. e5 c5 4. c3 Nc6 5. Nf3 Bg4 6. Be2 e6 7. O-O Nge7 8. Be3 Nf5 9. Na3 cxd4 10. cxd4 Qb6 11. Nc2 Be7 12. Qd2 O-O 13. Rab1 Nb4 14. Nxb4 Bxb4 15. Qd3 Rac8 16. a3 Be7 17. b4 Bh5 18. Rbc1 Bg6 19. Qb5 Nxe3 20. fxe3 f6 21. Bd3 Bxd3 22. Qxd3 Rc6 23. b5 Rc7 24. Rxc7 Qxc7 25. exf6 Bxf6 26. h4 Rc8 27. Ng5 Bxg5 28. hxg5 Qg3 29. g6 hxg6 30. Rb1 Rf8 31. Qe2 b6 32. a4 Rf5 33. Rc1 Rh5 34. Rc2 Qh2+ 35. Kf1 Rf5+ 36. Ke1 Qg1+ 37. Kd2 Rf2 0-1

[Event "European Online Club-ch-A 2021"]
[Site "Online"]
[Date "2021.03.27"]
[Round "8.4"]
[White "Smolik, Jachym"]
[Black "Weissenhofer, Jonas"]
[Result "1-0"]
[ECO "E92"]
[WhiteElo "2073"]
[BlackElo "1719"]
[Annotator "NA"]
[PlyCount "109"]
[EventDate "2021.03.27"]
[EventType "team-tourn"]
[EventCountry "NET"]
[SourceTitle "playchess.com"]
[Source "ChessBase"]
[SourceQuality "1"]
[TimeControl "900+5"]

1. d4 Nf6 2. Nf3 g6 3. c4 Bg7 4. Nc3 O-O 5. e4 d6 6. Be2 e5 7. d5 a5 8. Bg5 Na6 9. Nd2 h6 10. Be3 Kh7 11. a3 Ng8 12. O-O f5 13. f3 f4 14. Bf2 g5 15. b4 h5 16. c5 Rf6 17. Nc4 Bf8 18. cxd6 cxd6 19. Bb6 Qe8 20. Nxa5 Qg6 21. Nb5 g4 22. Bd8 Be7 23. Bxe7 Nxe7 24. Re1 Qg5 25. Nc4 g3 26. Bf1 Qh4 27. h3 Rg6 28. Re2 Bd7 29. Nbxd6 Rag8 30. Raa2 b5 31. Nf5 Nxf5 32. exf5 Bxf5 33. Nxe5 R6g7 34. Nc6 Nc7 35. Nd4 Bxh3 36. gxh3 g2 37. Rxg2 Qxh3 38. Rxg7+ Rxg7+ 39. Rg2 Rxg2+ 40. Bxg2 Qg3 41. Ne2 Qg5 42. Qc2+ Kg8 43. Qxc7 h4 44. Qc8+ Kh7 45. Qg4 Qxd5 46. Qxh4+ Kg7 47. Qg4+ Kh7 48. Nxf4 Qd4+ 49. Kh2 Qf6 50. Qg6+ Qxg6 51. Nxg6 Kxg6 52. Kg3 Kg5 53. f4+ Kf5 54. Kf3 Ke6 55. Ke4 1-0

[Event "European Online Club-ch-A 2021"]
[Site "Online"]
[Date "2021.03.27"]
[Round "8.6"]
[White "Durak, Can"]
[Black "Bacrot, Etienne"]
[Result "0-1"]
[ECO "E51"]
[WhiteElo "2187"]
[BlackElo "2678"]
[Annotator "ChessBase"]
[PlyCount "92"]
[EventDate "2021.03.27"]
[EventType "team-tourn"]
[EventCountry "NET"]
[SourceTitle "playchess.com"]
[Source "ChessBase"]
[SourceQuality "1"]
[TimeControl "900+5"]

1. d4 Nf6 2. c4 e6 3. Nc3 Bb4 4. e3 b6 5. Bd2 Bb7 6. Nf3 O-O 7. Rc1 d5 8. cxd5 exd5 9. Be2 Nbd7 10. O-O a6 11. Ne5 Bd6 12. f4 c5 13. Bf3 b5 14. Be1 cxd4 15. exd4 Ne4 16. Qb3 Nb6 17. Ne2 Qe7 18. Ng3 g6 19. Rc2 Nc4 20. Re2 f5 21. a3 Rac8 22. Bb4 Kg7 23. Bxd6 Qxd6 24. Qb4 Qxb4 25. axb4 Nxe5 26. dxe5 Kf7 27. Bxe4 fxe4 28. f5 gxf5 29. Rxf5+ Ke6 30. Rxf8 Rxf8 31. Rf2 Rxf2 32. Kxf2 Kxe5 33. Ne2 d4 34. Nc1 e3+ 35. Ke2 Bxg2 36. Nd3+ Kf5 37. Nc5 Be4 38. h3 Bd5 39. Nxa6 Kf4 40. Nc5 Bc4+ 41. Ke1 d3 42. b3 d2+ 43. Kd1 Bf7 44. Nd3+ Kg3 45. Nb2 Bxb3+ 46. Ke2 d1=Q+ 0-1

[Event "European Online Club-ch-A 2021"]
[Site "Online"]
[Date "2021.03.27"]
[Round "8.8"]
[White "Tinmaz, Kerem"]
[Black "Naiditsch, Arkadij"]
[Result "0-1"]
[ECO "B33"]
[WhiteElo "1614"]
[BlackElo "2649"]
[Annotator "ChessBase"]
[PlyCount "76"]
[EventDate "2021.03.27"]
[EventType "team-tourn"]
[EventCountry "NET"]
[SourceTitle "playchess.com"]
[Source "ChessBase"]
[SourceQuality "1"]
[TimeControl "900+5"]

1. e4 c5 2. Nf3 Nc6 3. d4 cxd4 4. Nxd4 Qb6 5. Nb3 Nf6 6. Nc3 e6 7. Qe2 Bb4 8. Bd2 a5 9. a3 Bxc3 10. Bxc3 e5 11. O-O-O O-O 12. g4 d6 13. g5 Ne8 14. h4 Be6 15. h5 Nb4 16. axb4 axb4 17. Qb5 Qxb5 18. Bxb5 bxc3 19. bxc3 Nc7 20. Bd3 Ra2 21. f3 Rfa8 22. c4 Kf8 23. Kd2 b5 24. Nc1 R2a5 25. cxb5 Nxb5 26. Bxb5 Rxb5 27. Nd3 h6 28. gxh6 gxh6 29. Rb1 Rxb1 30. Rxb1 Ke7 31. Rg1 Bc4 32. Ke3 Ra2 33. Rg2 Ra1 34. f4 Bxd3 35. cxd3 Rh1 36. fxe5 dxe5 37. Ra2 Rh3+ 38. Kd2 Rh2+ 0-1

[Event "European Online Club-ch-A 2021"]
[Site "Online"]
[Date "2021.03.27"]
[Round "8.10"]
[White "Fitzsimons, David"]
[Black "Kamsky, Gata"]
[Result "0-1"]
[ECO "B23"]
[WhiteElo "2324"]
[BlackElo "2665"]
[Annotator "ChessBase"]
[PlyCount "74"]
[EventDate "2021.03.27"]
[EventType "team-tourn"]
[EventCountry "NET"]
[SourceTitle "playchess.com"]
[Source "ChessBase"]
[SourceQuality "1"]
[TimeControl "900+5"]

1. e4 c5 2. Nc3 Nc6 3. Bb5 Nd4 4. Nf3 g6 5. Bc4 Bg7 6. Nxd4 cxd4 7. Qf3 Nh6 8. Ne2 O-O 9. d3 Ng4 10. Bb3 d6 11. Qg3 a5 12. a4 Bd7 13. h3 Nf6 14. Nxd4 Nxe4 15. dxe4 Bxd4 16. h4 Be6 17. Bxe6 fxe6 18. O-O Qb6 19. c3 Bg7 20. h5 gxh5 21. Be3 Qc6 22. f3 Qe8 23. Ra3 b5 24. Bh6 Rf7 25. e5 Kh8 26. Bf4 Qf8 27. exd6 Rxf4 28. dxe7 Qf6 29. Rd1 e5 30. axb5 Qxe7 31. b4 a4 32. Qh3 e4 33. fxe4 Qxe4 34. Qxh5 Qe3+ 35. Kh1 Bf6 36. g4 Qf3+ 37. Kh2 Qe2+ 0-1

[Event "European Online Club-ch-A 2021"]
[Site "Online"]
[Date "2021.03.27"]
[Round "8.11"]
[White "Timofeev, Artyom"]
[Black "De Verdier, Michael"]
[Result "1-0"]
[ECO "D50"]
[WhiteElo "2594"]
[BlackElo "2291"]
[Annotator "ChessBase"]
[PlyCount "75"]
[EventDate "2021.03.27"]
[EventType "team-tourn"]
[EventCountry "NET"]
[SourceTitle "playchess.com"]
[Source "ChessBase"]
[SourceQuality "1"]
[TimeControl "900+5"]

1. d4 d5 2. c4 e6 3. Nc3 Nf6 4. Bg5 dxc4 5. e3 a6 6. Bxc4 b5 7. Be2 Bb7 8. Bf3 Ra7 9. Bxb7 Rxb7 10. Qf3 Rb6 11. Nge2 Be7 12. Bxf6 Bxf6 13. Ne4 Nd7 14. Rc1 O-O 15. O-O Be7 16. Nf4 Qb8 17. Rc2 Bd6 18. Rfc1 b4 19. b3 Rb5 20. Nd3 e5 21. dxe5 Nxe5 22. Nxe5 Bxe5 23. g3 Qb7 24. Kg2 Rd8 25. Rc5 f6 26. h4 Rd5 27. Rc6 Rd7 28. Nc5 Rxc5 29. R1xc5 Bd6 30. Qd5+ Kf8 31. Rc4 Ke7 32. Qg8 g5 33. hxg5 fxg5 34. Re4+ Kf6 35. Re6+ Kf5 36. e4+ Kg4 37. f3+ Kh5 38. Qe8+ 1-0

[Event "European Online Club-ch-A 2021"]
[Site "Online"]
[Date "2021.03.27"]
[Round "8.12"]
[White "Czopor, Maciej"]
[Black "Sharafiev, Azat"]
[Result "1/2-1/2"]
[ECO "B36"]
[WhiteElo "2239"]
[BlackElo "2432"]
[Annotator "NA"]
[PlyCount "81"]
[EventDate "2021.03.27"]
[EventType "team-tourn"]
[EventCountry "NET"]
[SourceTitle "playchess.com"]
[Source "ChessBase"]
[SourceQuality "1"]
[TimeControl "900+5"]

1. e4 c5 2. Nf3 Nc6 3. d4 cxd4 4. Nxd4 g6 5. c4 Nf6 6. Nc3 Nxd4 7. Qxd4 d6 8. Be2 Bg7 9. Be3 O-O 10. Qd2 Be6 11. O-O a5 12. Rad1 a4 13. Bd4 Qa5 14. f4 Rfc8 15. b3 axb3 16. axb3 Qb4 17. f5 Bd7 18. Kh1 Bc6 19. fxg6 hxg6 20. Bxf6 Bxf6 21. Nd5 Qxd2 22. Nxf6+ exf6 23. Rxd2 Bxe4 24. Rxf6 Ra1+ 25. Rf1 Rca8 26. Kg1 R1a2 27. Rxa2 Rxa2 28. Bf3 d5 29. cxd5 Bxf3 30. Rxf3 Rd2 31. Rf6 Rxd5 32. Rb6 Rd7 33. Kf2 Kg7 34. h4 f5 35. Ke3 Kh6 36. g3 Kh5 37. Kf4 Rd4+ 38. Kf3 Rd7 39. Kf4 Rd4+ 40. Kf3 Rd7 41. Kf4 1/2-1/2